 Dungeon Crawl Stone Soup version 0.25-a0-58-g9dd530fc12 (webtiles) character file.

Game seed: 5258907200144516812, levelgen mode: deterministic

2933 MrRokkomies the Covert (level 9, -8/67 HPs)
             Began as a Ghoul Assassin on Oct 27, 2019.
             Was a Priest of Okawaru.
             Mangled by Grum
             ... wielding a +1 glaive
              (19 damage)
             ... on level 8 of the Dungeon.
             The game lasted 00:27:12 (8216 turns).

MrRokkomies the Covert (Ghoul Assassin)             Turns: 8216, Time: 00:27:13

Health: -8/67      AC: 18    Str: 15    XL:     9   Next: 80%
Magic:  8/8        EV: 10    Int:  6    God:    Okawaru [***...]
Gold:   402        SH:  3    Dex: 15    Spells: 8/8 levels left

rFire    . . .     SeeInvis .   a - +2 dagger (protect)
rCold    + . .     Gourm    .   (no shield)
rNeg     + + +     Faith    .   y - +0 ring mail
rPois    ∞         Spirit   .   s - +2 helmet
rElec    .         Reflect  +   c - +1 cloak
rCorr    .         Harm     .   v - +0 pair of gloves
MR       .....                  (no boots)
Stlth    +++.......             C - +3 amulet of reflection
HPRegen  0.00/turn              w - +2 ring of dexterity
MPRegen  0.11/turn              (no ring)

@: protection aura, rotting
A: rotting body, claws 1, carnivore, cold resistance 1, negative energy
resistance 3, inhibited regeneration, torment resistance, unbreathing
a: Heroism, Renounce Religion


You were on level 8 of the Dungeon.
You worshipped Okawaru.
Okawaru was most pleased with you.
You were not hungry.

You visited 1 branch of the dungeon, and saw 8 of its levels.

You collected 402 gold pieces.

Inventory:

Hand Weapons
 a - a +2 dagger of protection (weapon)
 b - a +4 great sword
Missiles
 d - 40 poisoned darts
 e - 9 curare-tipped darts
 j - a throwing net
 o - 16 javelins (quivered)
 p - 2 atropa-tipped darts
 u - 2 boomerangs
Armour
 c - a +1 cloak (worn)
 n - a +0 leather armour
 s - a +2 helmet (worn)
 v - a +0 pair of gloves (worn)
 y - a +0 ring mail (worn)
Jewellery
 t - an uncursed ring of ice
 w - a +2 ring of dexterity (left hand)
 C - a +3 amulet of reflection (around neck)
Wands
 l - a wand of paralysis (10)
 E - a wand of digging (5)
Scrolls
 g - 3 scrolls of immolation
 i - 2 scrolls of enchant armour
 m - 5 scrolls of identify
 z - a scroll of enchant weapon {unknown}
 A - a scroll of random uselessness {unknown}
 B - 2 scrolls of teleportation {unknown}
 D - a scroll of fear
Potions
 h - 2 potions of agility
 k - 2 potions of curing
 q - 2 potions of lignification
 r - 2 potions of magic
 x - a potion of might {unknown}
 F - a potion of degeneration {unknown}
Comestibles
 f - 14 rations


   Skills:
 - Level 2.1 Fighting
 - Level 7.3(7.5) Short Blades
 * Level 2.4(5.2) Long Blades
 * Level 7.9 Throwing
 - Level 0.8 Dodging
 + Level 8.4 Stealth


You had 8 spell levels left.
You didn't know any spells.
Your spell library contained the following spells:

 Spells                   Type           Power        Failure   Level  Hunger
 Shock                    Conj/Air       #...         69%         1    ##.....
 Swiftness                Chrm/Air       #.......     83%         2    ###....
 Static Discharge         Conj/Air       #.......     96%         3    ####...
 Airstrike                Air            #.........   100%        4    #####..
 Lightning Bolt           Conj/Air       #.........   100%        5    ######.


Dungeon Overview and Level Annotations

Branches:
Dungeon (8/15)             Temple (0/1) D:5
   Lair: D:8-11

Altars:
Elyvilon
Okawaru
Vehumet
Wu Jian

Shops:
D:8 (

Annotations:
D:4 3 runed translucent doors, TimeIsEndless's ghost, amateur OpMo
D:5 3 runed translucent doors, Dwachs's ghost, amateur GnSk; Titania's ghost, amateur GrFi; nht's ghost, novice TrFi; zx48k's ghost, novice GnWz
D:7 2 transporters
D:8 Grum


Innate Abilities, Weirdness & Mutations

Your body is rotting away.
You thrive on raw meat.
You are immune to poison.
You have sharp fingernails.
You are carnivorous and can eat meat at any time.
Your flesh is cold resistant. (rC+)
You are immune to negative energy. (rN+++)
You do not regenerate when monsters are visible.
You are immune to unholy pain and torment.
You can survive without breathing.


Message History

Throwing (i - inventory. (/) - cycle)
o - 16 javelins (quivered)
Press: ? - help, Shift-Dir - straight line, f - wolf
Aim: a wolf (chance to blind on hit: 86%)
You throw an atropa-tipped dart. The atropa-tipped dart hits the wolf!
The wolf appears confused.
The wolf barely misses you.
Grum zaps a wand.
You easily resist.
Items here: (( ) †† a +0 shortbow; 4 arrows; 3 atropa-tipped darts; a centaur corpse; a wolf corpse Fire/throw which item? (* to show all) (? for menu, Esc to quit)
Throwing (i - inventory. (/) - cycle)
o - 16 javelins (quivered)
Press: ? - help, Shift-Dir - straight line, f - Grum, p - wolf
Aim: Grum, wielding a +1 glaive, wearing a cursed +0 animal skin and carrying a wand of polymorph (3) (lightly wounded, chance to blind on hit: 87%)
You throw an atropa-tipped dart. The atropa-tipped dart hits Grum!
Grum appears confused.
Grum is lightly wounded.
The wolf bites Grum!
You hit Grum but do no damage.
Grum is moderately wounded.
Grum hits you with a +1 glaive!!
You die...

.# #.##.# ## ########## .# #.##.#
....#. #.......<# .####.##.##.#
#... #.######.# ............#
#..## #.######.#
.##......######... #.........
.###...#.# # .... # #.###.##.. .#
##.##.####.#..##.# #÷# #.##.. .#
#.##.......hg...# #.###.##.. ##
#.##### # #@# #......... ##+## #.
#.# #.###.###. ##...##
#.##(##.#.##.# #.# #. ##.....##
#...).....##.###.###. ##.......##
###.###.####.........
#.........####...##.######.....##
'.........'......$...............
#.........####...##.#####....)..#
##.......## ##.## # #.......#


You could see Grum (confused) and a wolf (confused).

Vanquished Creatures
  Sigmund (D:2)
  A water moccasin (D:5)
  3 sky beasts
  An orc warrior (D:8)
  An ice beast (D:6)
  A necrophage (D:6)
  4 ogres
  A wolf (D:8)
  2 centaurs (D:8)
  3 bullfrogs
  2 scorpions
  5 wights (D:8)
  A howler monkey (D:4)
  3 crimson imps
  A bullfrog skeleton (D:8)
  2 jellies (D:8)
  Crazy Yiuf (D:7)
  An orc priest (D:6)
  A bullfrog zombie (D:6)
  2 hounds
  Terence (D:2)
  5 orc wizards
  3 worker ants
  A hound skeleton (D:5)
  A hound zombie (D:5)
  A howler monkey zombie (D:8)
  A worker ant zombie (D:8)
  Robin (D:4)
  15 adders
  3 gnolls (D:5)
  4 shadow imps
  4 adder skeletons
  An adder zombie (D:5)
  3 worms
  4 dart slugs
  5 leopard geckos
  19 orcs
  A giant cockroach (D:3)
  13 goblins
  7 hobgoblins
  8 jackals
  8 kobolds
  6 quokkas
  8 bats
  7 frilled lizards
  2 quokka skeletons
  6 rats
175 creatures vanquished.

Vanquished Creatures (others)
  An orc warrior (D:7)
1 creature vanquished.

Grand Total: 176 creatures vanquished

Notes
Turn   | Place    | Note
-------+----------+-------------------------------------------
     0 | D:1      | MrRokkomies the Ghoul Assassin began the quest for the Orb.
     0 | D:1      | Reached XP level 1. HP: 17/17 MP: 0/0
   318 | D:1      | Reached XP level 2. HP: 19/23 MP: 1/1
   960 | D:2      | Noticed Terence
   974 | D:2      | Killed Terence
   974 | D:2      | Reached XP level 3. HP: 12/29 MP: 2/2
  1178 | D:2      | Found an ornate altar of the Wu Jian Council.
  1206 | D:2      | Reached XP level 4. HP: 12/35 MP: 3/3
  1478 | D:2      | Noticed Sigmund
  1499 | D:2      | Killed Sigmund
  1499 | D:2      | Reached skill level 5 in Stealth
  1499 | D:2      | Reached XP level 5. HP: 35/40 MP: 4/4
  1499 | D:2      | Reached XP level 6. HP: 41/47 MP: 5/5
  2757 | D:4      | Reached XP level 7. HP: 55/55 MP: 6/6
  2967 | D:4      | Found an iron altar of Okawaru.
  2984 | D:4      | Became a worshipper of Warmaster Okawaru
  3061 | D:4      | Noticed Robin
  3081 | D:4      | Killed Robin
  3348 | D:4      | Reached skill level 6 in Stealth
  3722 | D:4      | Found a runed translucent gate.
  3722 | D:4      | Found a runed translucent gate.
  3722 | D:4      | Found a runed translucent gate.
  3785 | D:4      | Noticed TimeIsEndless's ghost (amateur OpMo)
  4176 | D:5      | Entered Level 5 of the Dungeon
  4177 | D:5      | Reached skill level 5 in Throwing
  4254 | D:5      | Reached skill level 5 in Short Blades
  4497 | D:5      | Reached XP level 8. HP: 51/61 MP: 7/7
  4543 | D:5      | Found a radiant altar of Vehumet.
  4753 | D:5      | Reached * piety under Okawaru
  4774 | D:5      | Found a runed translucent gate.
  4774 | D:5      | Found a runed translucent gate.
  4990 | D:5      | Found a white marble altar of Elyvilon.
  5062 | D:5      | Found a staircase to the Ecumenical Temple.
  5302 | D:5      | Found a runed translucent gate.
  5304 | D:5      | Noticed nht's ghost (novice TrFi)
  5305 | D:5      | Noticed zx48k's ghost (novice GnWz)
  5305 | D:5      | Noticed Titania's ghost (amateur GrFi)
  5305 | D:5      | Noticed Dwachs's ghost (amateur GnSk)
  5431 | D:6      | Reached skill level 7 in Stealth
  6156 | D:6      | Got a pitted whip
  6157 | D:6      | Identified the cursed +0 whip "Ronyif" {slash, rF++ Str-3
                  | Int+4} (You found it on level 6 of the Dungeon)
  6265 | D:6      | Reached ** piety under Okawaru
  6286 | D:6      | Reached XP level 9. HP: 42/66 MP: 8/8
  6836 | D:7      | Found a transporter.
  6874 | D:7      | Found a transporter.
  7049 | D:7      | Found a runed translucent door.
  7050 | D:7      | Noticed Crazy Yiuf
  7057 | D:7      | Killed Crazy Yiuf
  7106 | D:7      | Noticed a kobold demonologist
  7688 | D:8      | Reached skill level 8 in Stealth
  7915 | D:8      | Found Riepn's Weapon Boutique.
  8127 | D:8      | Reached skill level 1 in Long Blades
  8194 | D:8      | Noticed Grum
  8200 | D:8      | Reached *** piety under Okawaru
  8216 | D:8      | Mangled by Grum

Levels and vault maps discovered:
D:1:      dpeg_arrival_radiant, layout_loops_corners
D:2:      layout_rooms, lemuel_crystal_altar, uniq_terence, uniq_sigmund
D:3:      layout_basic, first_ration
D:4:      layout_basic, okawaru_metal_pillars_1_2, gammafunk_ghost_icy,
          uniq_robin
D:5:      layout_loops_cross, old_standard_altar, lemuel_doored_altar,
          temple_green, gammafunk_ghost_cemetery,
          hangedman_decor_clover_reticule
D:6:      layout_cave_pools
D:7:      gammafunk_wand_slinger, layout_rooms, uniq_crazy_yiuf_cottage
D:8:      layout_loops_corners, serial_shops, shop, uniq_grum

Skill      XL: |  1  2  3  4  5  6  7  8  9 |
---------------+----------------------------+-----
Short Blades   | 2 3 4 5 6 7 |  7.3
Throwing       | 2 3 4 5 6 7 |  7.9
Stealth        | 5 6 7 8 |  8.4
Long Blades    | 2 |  2.4
Fighting       | |  2.1
Dodging        | |  0.8

Action                   |  1- 3 |  4- 6 |  7- 9 || total
-------------------------+-------+-------+-------++-------
Melee: Dagger            |    63 |   179 |   591 ||   833
       Great sword       |       |       |     5 ||     5
Throw: Dart              |     7 |    44 |    57 ||   108
       Javelin           |       |       |    16 ||    16
  Use: Scroll            |     3 |     5 |     8 ||    16
       Potion            |       |       |     3 ||     3
 Stab: Sleeping          |     6 |     7 |    12 ||    25
       Distracted        |       |     1 |       ||     1
       Invisible         |       |       |     8 ||     8
  Eat: Chunk             |     3 |     9 |    20 ||    32
       Ration            |       |       |     1 ||     1
Armor: Robe              |    21 |     7 |       ||    28
       Leather armour    |       |    53 |    79 ||   132
       Ring mail         |       |       |   140 ||   140
Dodge: Dodged            |    38 |    92 |   279 ||   409
Block: Other             |       |       |     8 ||     8

Table legend:
 A = Non-vault XP
 B = Vault XP
 C = Vault XP percentage of total XP
 D = Non-vault monster count
 E = Vault monster count
 F = Vault count percentage of total count
                 A         B        C        D         E       F
            +---------+---------+-------+---------+---------+-------
      Total |    3746 |     444 |  10.6 |     164 |      12 |   6.8
            +---------+---------+-------+---------+---------+-------
        D:1 |      24 |       0 |   0.0 |      14 |       0 |   0.0
        D:2 |     199 |     259 |  56.6 |      30 |       2 |   6.2
        D:3 |     134 |       0 |   0.0 |      31 |       0 |   0.0
        D:4 |     234 |      29 |  11.0 |      10 |       8 |  44.4
        D:5 |     693 |       0 |   0.0 |      28 |       0 |   0.0
        D:6 |     896 |       0 |   0.0 |      21 |       0 |   0.0
        D:7 |     284 |      41 |  12.6 |      10 |       1 |   9.1
        D:8 |    1282 |     115 |   8.2 |      20 |       1 |   4.8
            +---------+---------+-------+---------+---------+-------
